 Dungeon Crawl Stone Soup version 0.15.1-3-g1b33baa (webtiles) character file.

37120 Chiseanne the Jinx (level 13, -1/107 HPs)
             Began as a Purple Draconian Enchanter on Oct 3, 2014.
             Was the Champion of Kikubaaqudgha.
             Killed from afar by an electric eel (10 damage)
             ... with a bolt of electricity
             ... on Level 8 of the Lair of Beasts.
             The game lasted 03:29:18 (26772 turns).

Chiseanne the Jinx (Purple Draconian Enchanter)    Turns: 26772, Time: 03:29:19

HP  -1/107       AC 14     Str 10      XL: 13   Next: 56%
MP   0/42        EV 11     Int 20      God: Kikubaaqudgha [******]
Gold 1238        SH 10     Dex 11      Spells: 14 memorised,  0 levels left

rFire  . . .     SeeInvis .     a - +7 trident (vamp)
rCold  . . .     Rnd*Rage +     (armour unavailable)
rNeg   . . .     rCorr    .     y - +0 shield
rPois  .         rRot     .     l - +1 hat
rElec  .         Spirit   +     (no cloak)
SustAb .         Warding  .     (no gloves)
rMut   .         Stasis   .     m - +1 pair of boots
Gourm  .                        R - amulet of guardian spirit
MR     +....                    W - ring of magical power
                                f - +3 ring of protection

@: very slightly contaminated, repel missiles, somewhat resistant to hostile
enchantments, unstealthy
A: breathe power, unfitting armour, antennae 1, berserk 1, dopey 1, mutation
resistance 1, cold-blooded, AC +8
a: Breathe Dispelling Energy, Receive Corpses, Torment, Renounce Religion


You were on level 8 of the Lair of Beasts.
You worshipped Kikubaaqudgha.
Kikubaaqudgha was exalted by your worship.
You were not hungry.

You visited 3 branches of the dungeon, and saw 21 of its levels.
You also visited: Ossuary and Ice Cave.

You collected 1410 gold pieces.
You spent 172 gold pieces at shops.

Inventory:

Hand weapons
 a - a +7 vampiric trident (weapon)
Missiles
 h - 20 tomahawks (quivered)
 j - 2 throwing nets
 t - 3 steel tomahawks
Armour
 l - a +1 hat (worn)
 m - a +1 pair of boots (worn)
 y - a +0 shield (worn)
Magical devices
 q - a wand of heal wounds (3)
 L - a wand of fire (0)
Comestibles
 c - 2 rotting chunks of wolf flesh
 d - 4 bread rations
 k - 7 fruits
 u - 5 rotting chunks of polar bear flesh
 B - 8 meat rations
 G - 4 chunks of wolf flesh
 H - a chunk of spriggan flesh
 J - 3 chunks of wolf flesh
 T - 2 beef jerkies
 X - 2 slices of pizza
Scrolls
 g - a scroll of fear
 n - 5 scrolls of fog
 p - a scroll of silence
 s - 2 scrolls of blinking
 x - 4 scrolls of teleportation
 A - a scroll of magic mapping
 I - 3 scrolls of remove curse
Jewellery
 b - an uncursed ring of see invisible
 f - a +3 ring of protection (left hand)
 C - an uncursed ring of poison resistance
 R - an amulet of guardian spirit (around neck)
 W - a ring of magical power (right hand)
Potions
 e - 6 potions of heal wounds
 i - 2 potions of cancellation
 o - 4 potions of curing
 r - 2 potions of haste
 v - 4 potions of flight
 w - 2 potions of porridge
 z - a potion of berserk rage
 F - 5 potions of restore abilities
 U - a potion of lignification
Miscellaneous
 E - a phial of floods
 P - a lamp of fire (inert)


   Skills:
 - Level 8.0 Fighting
   Level 1.0 Short Blades
 - Level 1.7 Dodging
 - Level 2.6 Stealth
 - Level 10.0 Shields
 - Level 12.9 Spellcasting
 - Level 13.4 Hexes
 - Level 8.0 Necromancy
 + Level 2.2 Translocations
 - Level 7.1 Earth Magic


You couldn't memorise any spells.
You knew the following spells:

 Your Spells              Type           Power        Failure   Level  Hunger
a - Corona                Hex            ######.      1%          1    None
b - Confuse               Hex            ######..     1%          3    None
c - Enslavement           Hex            ######..     1%          4    None
d - Animate Skeleton      Necr           N/A          1%          1    None
e - Stoneskin             Trmt/Erth      ####....     2%          2    None
f - Sublimation of Blood  Necr           #####.....   1%          2    None
g - Regeneration          Chrm/Necr      ####......   4%          3    None
h - Vampiric Draining     Necr           #####.....   1%          3    None
i - Mass Confusion        Hex            ######....   4%          6    #####..
j - Conjure Flame         Conj/Fire      ##......     21%         3    None
k - Corpse Rot            Necr           N/A          1%          2    None
l - Blink                 Tloc           N/A          4%          2    None
m - Passwall              Trmt/Erth      ####......   6%          3    None
n - Repel Missiles        Chrm/Air       ##....       12%         2    None


Dungeon Overview and Level Annotations

Branches:
Dungeon (12/15)            Temple (1/1) D:7            Lair (8/8) D:11
  Swamp (0/5) Lair:3       Spider (0/5) Lair:5
    Orc: D:9-12       Slime: Lair:6-8

Altars:
Ashenzari
Cheibriados
Dithmenos
Elyvilon
Fedhas
Kikubaaqudgha
Makhleb
Nemelex Xobeh
Okawaru
Qazlal
Sif Muna
Trog
Vehumet
Xom
Yredelemnul
Zin
The Shining One

Shops:
D:5 ?   D:8 [

Annotations:
D:6 exclusion: oklob plant
D:9 1 exclusion
D:12 Erolcha
Lair:5 exclusion: downstairs
Lair:8 Erica


Innate Abilities, Weirdness & Mutations

You can breathe bolts of energy.
You can dispel enchantments when you breathe energy.
Your rich purple scales are hard (AC +8).
Your body does not fit into most forms of armour.
Your cold-blooded metabolism reacts poorly to cold.
You have a pair of small antennae on your head.
You tend to lose your temper in combat.
You are dopey. (Int -2)
You are somewhat resistant to further mutation.


Message History

As you read the scroll of teleportation, it crumbles to dust.
You feel strangely unstable. The wolf barely misses you.
The wolf misses you. 3 wolves come into view.
A blink frog comes into view.
The wolf barely misses you.
You see here a potion of restore abilities.
F - 5 potions of restore abilities (gained 1)
The wolf barks!
You block the wolf's attack. The wolf bites you but does no damage.
Your surroundings suddenly seem different.
The yak bellows!
Found 2 potions of heal wounds.
Found a stone staircase leading up.
An electric eel comes into view.
The electric eel shoots out a bolt of electricity!
The bolt of electricity hits you!
* * * LOW HITPOINT WARNING * * *
The electric eel shoots out a bolt of electricity!
The bolt of electricity hits you!
You die...
Kikubaaqudgha rasps: "You have failed me!
Welcome... death!"

... ......... ...
/.........P
....................P#
.......................#
........................
....F..................P
......................PPP
...[...:........@.......P
.........................
........H................
..H......................
...hh....................
............!.Y.Y...;..<.
.h....=............≈≈≈≈≈≈
.h................≈≈≈≈≈≈≈
..................≈≈≈≈≈≈


You could see 2 yaks and an electric eel.

Vanquished Creatures
  A frost giant (IceCv)
  The ghost of Thrillho the Spear-Bearer, a powerful OpBe of Trog (Lair:6)
  3 hydras
  3 death yaks
  2 tengu warriors (D:10)
  An unseen horror (D:11)
  2 lindwurms (Lair:4)
  2 hill giants (D:10)
  A cyclops (D:11)
  4 elephants (Lair:8)
  2 spiny frogs
  2 black mambas
  An item mimic (Lair:3)
  Grinder (D:3)
  A troll (D:11)
  A komodo dragon (Lair:3)
  4 blink frogs
  A two-headed ogre (D:11)
  7 polar bears
  A raven (D:10)
  A slime creature (Lair:4)
  2 wyverns
  13 yaks
  3 spriggans (Lair:8)
  A fire elemental (Lair:3)
  2 hungry ghosts
  2 hippogriffs
  A hill giant skeleton (D:10)
  Edmund (D:5)
  Menkaure (Ossuary)
  3 water moccasins
  A mottled dragon (D:10)
  14 wolves
  An orc priest (D:5)
  3 sky beasts
  7 porcupines
  A spiny frog skeleton (Lair:4)
  2 ice beasts
  2 orc warriors
  A phantom (D:6)
  6 killer bees
  A centaur (D:7)
  6 ogres
  2 blink frog skeletons (Lair:4)
  A yellow wasp (Lair:8)
  2 boring beetles (D:11)
  11 giant frogs
  3 elf zombies
  Blork the orc (D:6)
  3 wolf skeletons
  A komodo dragon skeleton (Lair:3)
  2 scorpions (D:11)
  A water moccasin skeleton (Lair:3)
  6 wights
  A hippogriff skeleton (D:7)
  2 yak skeletons
  A quasit (D:8)
  2 troll skeletons (D:11)
  A polar bear skeleton (IceCv)
  4 centaur zombies (Ossuary)
  4 crimson imps
  12 hounds
  A human zombie (Ossuary)
  6 jellies (Lair:4)
  A giant frog zombie (D:8)
  2 centaur skeletons
  2 iguanas
  A giant frog skeleton (D:8)
  7 orc wizards
  5 worker ants
  A porcupine skeleton (Lair:3)
  8 sheep (Lair:7)
  A mottled dragon zombie (D:9)
  Ijyb (D:3)
  Jessica (D:3)
  2 ogre zombies
  A wandering mushroom (D:9)
  4 mummies (Ossuary)
  2 hound skeletons
  5 gnolls (D:8)
  43 green rats
  13 adders
  Natasha (twice) (D:6)
  A giant mite (D:5)
  An orc skeleton (D:6)
  4 shadow imps
  4 worms
  2 adder skeletons
  7 adder zombies (Ossuary)
  4 giant geckos
  15 oozes
  24 orcs
  4 giant cockroaches
  23 hobgoblins
  3 jackals
  22 kobolds
  7 quokkas
  A ball python (D:1)
  16 bats
  13 giant newts
  A giant newt skeleton (Lair:3)
  A giant spore (D:7)
  A gnoll zombie (Ossuary)
  13 goblins
  A goblin skeleton (D:9)
  2 goblin zombies (Ossuary)
  3 green rat skeletons
  5 hobgoblin zombies
  2 kobold skeletons
  5 kobold zombies
  An orc zombie (D:9)
  2 quokka zombies (Ossuary)
  18 rats
  2 rat skeletons
  3 rat zombies (Ossuary)
  3 ballistomycetes (D:7)
  A butterfly (Lair:6)
  20 fungi
  4 plants
524 creatures vanquished.

Vanquished Creatures (collateral kills)
  Gastronok (Lair:3)
  2 hydras
  2 ice dragons (Lair:6)
  Nessos (D:11)
  7 death yaks
  A hill giant (D:10)
  An ice statue (IceCv)
  2 lindwurms (Lair:4)
  An oklob plant (Lair:7)
  An ugly thing (D:11)
  3 elephants (Lair:7)
  3 spiny frogs
  A black mamba (Lair:3)
  A torpor snail (Lair:7)
  6 komodo dragons
  12 polar bears
  8 blink frogs
  A boulder beetle (Lair:6)
  A troll (D:11)
  A two-headed ogre (D:8)
  A basilisk (Lair:6)
  A raven (D:10)
  2 spriggans (Lair:8)
  A wyvern (Lair:2)
  A wraith (D:11)
  2 orc warriors
  A redback (Lair:8)
  25 wolves
  A hippogriff (Lair:2)
  38 yaks
  5 water moccasins
  A mottled dragon (D:11)
  10 porcupines
  A yellow wasp (Lair:8)
  5 ogres
  2 ice beasts (D:8)
  A centaur (D:11)
  5 crocodiles
  A big kobold (D:9)
  A boring beetle (D:11)
  6 giant frogs
  A gnoll sergeant (D:8)
  A scorpion (D:5)
  3 killer bees
  2 wights (D:11)
  A crimson imp (D:11)
  3 hounds
  4 jellies
  4 iguanas
  A worker ant (D:9)
  5 orc priests
  5 orc wizards
  An iron imp (D:9)
  Natasha (D:6)
  6 sheep (Lair:7)
  4 quokkas
  A sky beast zombie (D:11)
  A mummy (Ossuary)
  A gnoll (D:8)
  4 adders
  31 green rats
  A shadow imp (D:7)
  2 oozes (Lair:4)
  12 orcs
  A giant cockroach (D:8)
  3 hobgoblins
  A jackal (D:5)
  A bat (D:8)
  A goblin zombie (Ossuary)
  2 hobgoblin skeletons (D:6)
  2 hobgoblin zombies (D:9)
  3 kobolds
  An orc zombie (D:9)
  4 rats
  3 bushes (Lair:7)
  26 fungi
  9 plants
319 creatures vanquished.

Vanquished Creatures (others)
  A black mamba skeleton (Lair:7)
  A death yak skeleton (Lair:7)
  A polar bear (IceCv)
  A hydra skeleton (Lair:7)
  A hippogriff (Lair:8)
  A hill giant skeleton (D:10)
  A tengu skeleton (D:10)
  A spiny frog skeleton (Lair:7)
  2 blink frog skeletons (Lair:4)
  An elephant skeleton (Lair:8)
  A cyclops skeleton (D:11)
  3 komodo dragon skeletons
  A wyvern skeleton (D:11)
  2 water moccasin skeletons
  15 yak skeletons
  A hippogriff skeleton (Lair:6)
  8 polar bear skeletons
  2 spriggan skeletons (Lair:8)
  10 wolf skeletons
  7 giant frog skeletons
  A centaur skeleton (D:7)
  4 porcupine skeletons
  2 crocodile skeletons
  An ogre skeleton (D:9)
  4 hound skeletons
  4 quokka skeletons
  2 adder skeletons
  An iguana skeleton (Lair:3)
  3 sheep skeletons (Lair:7)
  2 bat skeletons
  5 gnoll skeletons (D:8)
  21 green rat skeletons
  2 hobgoblin skeletons (D:9)
  6 kobold skeletons
  16 orc skeletons
  2 rat skeletons
  A fungus (Lair:6)
  A plant (Lair:6)
139 creatures vanquished.

Grand Total: 982 creatures vanquished

Notes
Turn   | Place    | Note
--------------------------------------------------------------
     0 | D:1      | Chiseanne, the Draconian Enchanter, began the quest for the Orb.
     0 | D:1      | Reached XP level 1. HP: 14/14 MP: 3/3
   168 | D:1      | Reached skill level 3 in Hexes
   227 | D:1      | Reached XP level 2. HP: 18/20 MP: 2/4
  1173 | D:1      | Reached XP level 3. HP: 24/26 MP: 4/6
  1194 | D:1      | Learned a level 3 spell: Confuse
  2315 | D:2      | Reached XP level 4. HP: 33/33 MP: 8/8
  2321 | D:2      | Learned a level 4 spell: Enslavement
  2543 | D:2      | Reached skill level 4 in Hexes
  2913 | D:3      | Noticed Ijyb
  2942 | D:3      | Killed Ijyb
  3034 | D:3      | Found a stormy altar of Qazlal.
  3034 | D:3      | Found a shadowy altar of Dithmenos.
  3043 | D:3      | Found an iron altar of Okawaru.
  3051 | D:3      | Noticed Jessica
  3059 | D:3      | Killed Jessica
  3059 | D:3      | Reached XP level 5. HP: 38/38 MP: 8/11
  3110 | D:3      | Noticed Grinder
  3110 | D:3      | Paralysed by Grinder for 2 turns
  3141 | D:3      | Killed Grinder
  3141 | D:3      | Reached skill level 5 in Hexes
  3141 | D:3      | Reached XP level 6. HP: 45/45 MP: 1/15
  3980 | D:4      | Reached skill level 5 in Spellcasting
  4133 | D:4      | Found an ancient bone altar of Kikubaaqudgha.
  4187 | D:4      | Became a worshipper of Kikubaaqudgha
  4523 | D:5      | Entered Level 5 of the Dungeon
  4655 | D:5      | Your scales start taking on a rich purple colour.
  4655 | D:5      | Reached XP level 7. HP: 50/50 MP: 12/20
  4873 | D:5      | Noticed Edmund
  4907 | D:5      | Killed Edmund
  4922 | D:5      | Acquired Kikubaaqudgha's first power
  4922 | D:5      | Received a gift from Kikubaaqudgha
  4923 | D:5      | Identified Kikubaaqudgha's Disquisition on Black Rites {god gift} (Kikubaaqudgha gifted it to you on level 5 of the Dungeon)
  4944 | D:5      | Learned a level 1 spell: Pain
  4947 | D:5      | Learned a level 2 spell: Corpse Rot
  4950 | D:5      | Learned a level 2 spell: Sublimation of Blood
  4954 | D:5      | Learned a level 3 spell: Regeneration
  5080 | D:5      | Reached skill level 7 in Spellcasting
  5529 | D:5      | Found Steitt's Magic Scroll Shoppe.
  5532 | D:5      | Bought a scroll of enchant weapon for 112 gold pieces
  5532 | D:5      | Bought a scroll of identify for 30 gold pieces
  5532 | D:5      | Bought a scroll of identify for 30 gold pieces
  5819 | D:5      | Reached XP level 8. HP: 57/57 MP: 15/23
  6139 | D:6      | Found a sand-covered staircase.
  6228 | Ossuary  | Entered an ossuary
  6603 | Ossuary  | Noticed Menkaure
  6963 | Ossuary  | Reached skill level 5 in Fighting
  7314 | Ossuary  | Killed Menkaure
  7658 | D:6      | Noticed Natasha
  7673 | D:6      | Killed Natasha
  7822 | D:6      | Noticed Natasha
  7831 | D:6      | Killed Natasha
  7843 | D:6      | Noticed Blork the orc
  7852 | D:6      | Killed Blork the orc
  7942 | D:6      | Reached XP level 9. HP: 78/80 MP: 23/25
  7998 | D:6      | Identified the Disquisition on Dark Conjuration
  8001 | D:6      | Learned a level 1 spell: Animate Skeleton
  8005 | D:6      | Learned a level 3 spell: Vampiric Draining
  8009 | D:6      | Learned a level 3 spell: Conjure Flame
  8010 | D:6      | Found a glowing silver altar of Zin.
  8010 | D:6      | Noticed an oklob plant
  8303 | D:6      | Noticed Natasha
  8312 | D:6      | Killed Natasha
  8436 | D:7      | Reached skill level 8 in Fighting
  8498 | D:7      | Reached skill level 1 in Necromancy
  8734 | D:7      | Acquired Kikubaaqudgha's second power
  8917 | D:7      | Found a staircase to the Ecumenical Temple.
  8927 | Temple   | Entered the Ecumenical Temple
  9719 | D:8      | Reached skill level 5 in Necromancy
 10258 | D:8      | Found Hatriang's Armour Shop.
 10295 | D:8      | Reached skill level 1 in Shields
 10347 | D:8      | Got a smoking spear
 10949 | D:9      | Reached skill level 9 in Spellcasting
 10980 | D:9      | Reached XP level 10. HP: 70/88 MP: 3/27
 11183 | D:9      | Found a glowing golden altar of the Shining One.
 11958 | D:10     | Entered Level 10 of the Dungeon
 12157 | D:10     | Received a gift from Kikubaaqudgha
 12158 | D:10     | Identified Kikubaaqudgha's Reference Book on Evil Magic {god gift} (Kikubaaqudgha gifted it to you on level 10 of the Dungeon)
 12230 | D:10     | Noticed a seven-headed hydra
 12262 | D:10     | Noticed a hill giant
 12268 | D:10     | Reached skill level 10 in Spellcasting
 12285 | D:10     | a hill giant (ally) was killed
 12314 | D:10     | Killed a seven-headed hydra
 12676 | D:10     | Noticed a tengu warrior
 12677 | D:10     | Noticed a tengu warrior
 12690 | D:10     | a tengu warrior (ally) was killed
 12721 | D:10     | Killed a tengu warrior
 12721 | D:10     | Reached skill level 11 in Spellcasting
 12730 | D:10     | Learned a level 6 spell: Mass Confusion
 12733 | D:10     | Learned a level 2 spell: Stoneskin
 12818 | D:10     | Noticed a hill giant
 12848 | D:10     | Killed a hill giant
 12889 | D:10     | Noticed a hill giant
 12916 | D:10     | Killed a hill giant
 12916 | D:10     | Reached skill level 5 in Shields
 13092 | D:11     | Noticed a five-headed hydra
 13116 | D:11     | Noticed a cyclops
 13136 | D:11     | Killed a cyclops
 13322 | D:11     | Noticed an unseen horror
 13357 | D:11     | Killed an unseen horror
 13577 | D:11     | Reached XP level 11. HP: 72/94 MP: 9/30
 13732 | D:11     | Learned a level 2 spell: Blink
 13732 | D:11     | Noticed Nessos
 13739 | D:11     | Found a staircase to the Lair.
 13751 | D:11     | Killed Nessos
 13758 | D:11     | Noticed a green ugly thing
 13766 | D:11     | Killed a green ugly thing
 13876 | D:11     | Your ally Nessos died
 14496 | D:12     | Noticed Erolcha
 14526 | Lair:1   | Entered Level 1 of the Lair of Beasts
 14594 | Lair:1   | Acquired Kikubaaqudgha's third power
 16064 | Lair:2   | Reached skill level 10 in Shields
 16156 | Lair:2   | Gained mutation: You have a pair of small antennae on your head. [potion of beneficial mutation]
 17202 | Lair:3   | Noticed a five-headed hydra
 17226 | Lair:3   | Found a staircase to the Swamp.
 17265 | Lair:3   | Killed a five-headed hydra
 17407 | Lair:3   | Noticed Gastronok
 17420 | Lair:3   | Killed Gastronok
 17420 | Lair:3   | Reached skill level 10 in Hexes
 18353 | Lair:4   | Reached XP level 12. HP: 98/101 MP: 4/31
 18357 | Lair:4   | Acquired Kikubaaqudgha's fourth power
 18422 | Lair:4   | Found a white marble altar of Elyvilon.
 18660 | Lair:4   | Noticed a lindwurm
 18660 | Lair:4   | Noticed a lindwurm
 18666 | Lair:4   | Noticed a lindwurm
 18668 | Lair:4   | Noticed a lindwurm
 18673 | Lair:4   | Killed a lindwurm
 18678 | Lair:4   | Killed a lindwurm
 18680 | Lair:4   | a lindwurm (ally) was killed
 18717 | Lair:4   | Killed a lindwurm
 19412 | Lair:4   | Noticed a five-headed hydra
 19423 | Lair:4   | Killed a five-headed hydra
 19832 | Lair:5   | Reached skill level 12 in Hexes
 20093 | Lair:5   | Found a hole to the Spider Nest.
 20532 | Lair:6   | Noticed Thrillho's ghost (powerful OpBe)
 20941 | Lair:6   | Found a frozen archway.
 20941 | Lair:6   | Noticed an ice dragon
 20961 | Lair:6   | Killed an ice dragon
 20982 | IceCv    | Entered an ice cave
 21613 | IceCv    | Reached skill level 13 in Hexes
 21987 | IceCv    | Noticed a frost giant
 22035 | IceCv    | Gained mutation: You tend to lose your temper in combat. [potion of mutation]
 22035 | IceCv    | Gained mutation: You are dopey. (Int -2) [potion of mutation]
 22035 | IceCv    | Gained mutation: You are somewhat resistant to further mutation. [potion of mutation]
 22047 | IceCv    | Reached XP level 13. HP: 34/107 MP: 1/33
 22071 | IceCv    | Killed a frost giant
 22121 | IceCv    | Got a crystal hand axe
 22524 | Lair:6   | Killed Thrillho's ghost
 22809 | Lair:6   | Reached skill level 1 in Earth Magic
 23182 | Lair:6   | Noticed an ice dragon
 23198 | Lair:6   | Killed an ice dragon
 23239 | Lair:6   | Learned a level 3 spell: Passwall
 23628 | Lair:7   | Learned a level 2 spell: Repel Missiles
 24266 | Lair:7   | Reached skill level 5 in Earth Magic
 25398 | D:11     | Killed a five-headed hydra
 26326 | Lair:8   | Entered Level 8 of the Lair of Beasts
 26629 | Lair:8   | Reached skill level 1 in Translocations
 26734 | Lair:8   | HP: 5/107 [polar bear (16)]
 26758 | Lair:8   | Noticed Erica
 26772 | Lair:8   | Killed from afar by an electric eel

Action                   |  1- 3 |  4- 6 |  7- 9 | 10-12 | 13-15 || total
-------------------------+-------+-------+-------+-------+-------++-------
Melee: Dagger            |   153 |    23 |       |       |       ||   176
       Trident           |       |   175 |   433 |   677 |   297 ||  1582
Throw: Tomahawk          |       |     9 |    50 |    37 |     2 ||    98
 Cast: Corona            |    44 |    60 |   169 |   249 |    59 ||   581
       Confuse           |       |     6 |    53 |    91 |    21 ||   171
       Enslavement       |       |     5 |    54 |   146 |    56 ||   261
       Animate Skeleton  |       |       |    32 |   139 |    59 ||   230
       Conjure Flame     |       |       |     1 |       |       ||     1
       Vampiric Draining |       |       |       |     4 |       ||     4
       Sublimation of Bl |       |       |       |     2 |       ||     2
       Regeneration      |       |       |       |     4 |     1 ||     5
       Mass Confusion    |       |       |       |     5 |       ||     5
       Blink             |       |       |       |     2 |       ||     2
       Repel Missiles    |       |       |       |       |     1 ||     1
       Stoneskin         |       |       |       |       |     1 ||     1
Invok: Receive Corpses   |       |       |     1 |     1 |       ||     2
Evoke: Wand              |       |     5 |     8 |    33 |    16 ||    62
       Lamp of fire      |       |       |       |     2 |       ||     2
  Use: Scroll            |     4 |    10 |    11 |    20 |     8 ||    53
       Potion            |       |       |     4 |     8 |     2 ||    14
 Stab: Sleeping          |     2 |     1 |    11 |     3 |       ||    17
       Confused          |       |     5 |    10 |    31 |     3 ||    49
       Distracted        |       |       |     1 |     2 |     2 ||     5
       Fleeing           |       |       |       |     1 |       ||     1
  Eat: Chunk             |     5 |     9 |    17 |    41 |    12 ||    84
       Bread ration      |       |       |     2 |       |       ||     2
       Pizza             |       |       |     2 |       |       ||     2
       Beef jerky        |       |       |     1 |       |       ||     1
       Royal jelly       |       |       |     1 |       |       ||     1
       Fruit             |       |       |       |       |    10 ||    10
